 Dungeon Crawl Stone Soup version 0.25-a0-251-g572059c536 (webtiles) character file.

Game seed: 6496376449813287247, levelgen mode: deterministic

298 floatRand the Cutter (level 6, -3/37 HPs)
             Began as a Kobold Monk on Dec 4, 2019.
             Slain by a centaur (9 damage)
             ... on level 5 of the Dungeon.
             The game lasted 00:05:09 (4838 turns).

floatRand the Cutter (Kobold Monk)                  Turns: 4838, Time: 00:05:10

Health: -3/37      AC:  7    Str: 10 (11) XL:     6   Next: 62%
Magic:  6/6        EV: 16    Int: 10 (11) God:
Gold:   194        SH:  5    Dex: 16 (17) Spells: 5/5 levels left

rFire    . . .     SeeInvis .   o - +0 rapier
rCold    . . .     Gourm    .   i - +0 buckler (curse)
rNeg     + . .     Faith    .   b - +0 robe
rPois    +         Spirit   .   y - +1 helmet
rElec    .         Reflect  .   (no cloak)
rCorr    .         Harm     .   t - +1 pair of gloves
MR       .....                  r - +0 pair of boots
Stlth    +++.......             (no amulet)
HPRegen  0.12/turn              h - ring of poison resistance
MPRegen  0.10/turn              k - ring of positive energy

@: no status effects
A: small, carnivore
a: no special abilities


You were on level 5 of the Dungeon.
You were completely stuffed.

You visited 1 branch of the dungeon, and saw 5 of its levels.

You collected 194 gold pieces.

Inventory:

Hand Weapons
 a - a +0 short sword
 o - a +0 rapier (weapon)
Armour
 b - a +0 robe (worn)
 i - a cursed +0 buckler (worn)
 r - a +0 pair of boots (worn)
 t - a +1 pair of gloves (worn)
 y - a +1 helmet (worn)
Jewellery
 g - an uncursed ring of ice {unknown}
 h - a ring of poison resistance (left hand)
 k - a ring of positive energy (right hand)
 w - an uncursed ring of resist corrosion
Wands
 m - a wand of paralysis (9)
 x - a wand of flame (13)
Scrolls
 d - a scroll of blinking
 e - a scroll of amnesia
 f - a scroll of enchant armour
 j - a scroll of identify
 n - a scroll of fog {unknown}
 u - 2 scrolls of remove curse {unknown}
 z - a scroll of enchant weapon {unknown}
Potions
 l - a potion of heal wounds {unknown}
 p - a potion of mutation {unknown}
 q - a potion of ambrosia {unknown}
 v - 3 potions of might {unknown}
Comestibles
 c - 11 rations
 s - 2 chunks of flesh


   Skills:
 - Level 3.2 Fighting
 * Level 6.6 Short Blades
 - Level 3.6 Dodging
 * Level 6.2 Stealth
 + Level 1.9 Shields


You had 5 spell levels left.
You didn't know any spells.
Your spell library contained the following spells:

 Spells                   Type           Power        Failure   Level  Hunger
 Confusing Touch          Hex            #.....       47%         1    ##.....
 Confuse                  Hex            #.......     85%         3    ####...
 Gell's Gravitas          Tloc           #.........   85%         3    ####...
 Petrify                  Tmut/Erth      #.......     99%         4    #####..
 Metabolic Englaciation   Hex/Ice        #.........   100%        5    ######.
 Yara's Violent Unravell  Hex/Tmut       #.........   100%        5    ######.


Dungeon Overview and Level Annotations

Branches:
Dungeon (5/15)
 Temple: D:4-7

Altars:
Ashenzari
Cheibriados
Elyvilon
Gozag
Kikubaaqudgha
Trog
Wu Jian
The Shining One

Shops:
D:3 *   D:4 *


Innate Abilities, Weirdness & Mutations

You are small and have problems with some larger weapons.
You are carnivorous and can eat meat at any time.


Message History

You hit the centaur.
The centaur is moderately wounded.
The centaur hits you but does no damage.
The centaur misses you.
You hit the centaur.
The centaur is moderately wounded.
You block the centaur's attack.
You hit the centaur.
The centaur is heavily wounded.
The centaur completely misses you.
You hit the centaur but do no damage.
The centaur is heavily wounded.
The centaur hits you but does no damage. x2
You puncture the centaur!
The centaur is almost dead.
The centaur closely misses you.
You barely miss the centaur.
The centaur is almost dead.
You block the centaur's attack. The centaur hits you!
You die...

..##.##### #..
#........# #..
#..#.###.# #..
#####.....##.# #..
#..........#.# #..
#.###.....##.#
#..###.# #..#..##.##
#......###..........
#c@.(((.(.#########
###########


You could see a centaur.

Vanquished Creatures
  A sky beast (D:4)
  2 worker ants (D:4)
  6 adders
  A howler monkey skeleton (D:4)
  4 oozes
  An adder skeleton (D:4)
  3 worms
  2 dart slugs
  A leopard gecko (D:2)
  3 orcs
  6 ball pythons
  4 giant cockroaches
  3 goblins
  8 hobgoblins
  A quokka (D:3)
  7 bats
  7 frilled lizards
  7 kobolds
  2 rats
69 creatures vanquished.

Vanquished Creatures (others)
  A fungus (D:2)
1 creature vanquished.

Grand Total: 70 creatures vanquished

Notes
Turn   | Place    | Note
-------+----------+-------------------------------------------
     0 | D:1      | floatRand the Kobold Monk began the quest for the Orb.
     0 | D:1      | Reached XP level 1. HP: 14/14 MP: 1/1
   404 | D:1      | Reached XP level 2. HP: 10/19 MP: 2/2
   953 | D:2      | Reached XP level 3. HP: 23/23 MP: 3/3
  1408 | D:2      | Found an ancient bone altar of Kikubaaqudgha.
  1445 | D:2      | HP: 1/23 [worm (8)]
  1777 | D:2      | Reached skill level 5 in Short Blades
  1899 | D:2      | Reached XP level 4. HP: 26/28 MP: 4/4
  1996 | D:2      | Reached skill level 1 in Shields
  2177 | D:3      | Found an opulent altar of Gozag.
  2179 | D:3      | Found Gozag's Platinum Reserve.
  2386 | D:3      | Reached XP level 5. HP: 12/32 MP: 5/5
  2743 | D:3      | Reached skill level 5 in Stealth
  2774 | D:3      | Found a glowing golden altar of the Shining One.
  3198 | D:4      | Noticed a sky beast
  3818 | D:4      | Found Ceawkon's General Store.
  4012 | D:4      | Killed a sky beast
  4012 | D:4      | Reached XP level 6. HP: 11/37 MP: 6/6
  4263 | D:4      | Found a shattered altar of Ashenzari.
  4265 | D:4      | Found a bloodstained altar of Trog.
  4268 | D:4      | Found a snail-covered altar of Cheibriados.
  4420 | D:5      | Entered Level 5 of the Dungeon
  4526 | D:5      | Found a white marble altar of Elyvilon.
  4596 | D:5      | Found an ornate altar of the Wu Jian Council.
  4838 | D:5      | Slain by a centaur

Levels and vault maps discovered:
D:1:      tarquinn_simple_flora_water_f, layout_basic, minmay_unequal
D:2:      layout_basic, kiku_gazebo_pond_becter, first_ration,
          minmay_shallow_snake_nest
D:3:      layout_loops_ring, nicolae_gozag_zags_fifth_avenue,
          nicolae_tso_carved_into_rock
D:4:      layout_basic, grunt_temple_overflow_diamond, serial_shops,
          kennysheep_mini_moat
D:5:      layout_loops_corners, elyvilon_altar_5, lemuel_doored_altar,
          uniq_crazy_yiuf_cottage

Skill      XL: |  1  2  3  4  5 |
---------------+----------------+-----
Stealth        | 3 4 6 |  6.2
Short Blades   | 5 6 |  6.6
Shields        | 1 |  1.9
Fighting       | |  3.2
Dodging        | |  3.6

Action                   |  1- 3 |  4- 6 || total
-------------------------+-------+-------++-------
Melee: Short sword       |   110 |   236 ||   346
       Rapier            |       |    13 ||    13
  Use: Potion            |       |     4 ||     4
       Scroll            |       |     7 ||     7
 Stab: Sleeping          |     8 |     8 ||    16
       Distracted        |     1 |       ||     1
  Eat: Chunk             |    11 |    10 ||    21
Armor: Robe              |    11 |    26 ||    37
       Skin              |       |    30 ||    30
Dodge: Dodged            |    80 |   125 ||   205
Block: Buckler           |    19 |    43 ||    62

Table legend:
 A = Non-vault XP
 B = Vault XP
 C = Vault XP percentage of total XP
 D = Non-vault monster count
 E = Vault monster count
 F = Vault count percentage of total count
                 A         B        C        D         E       F
            +---------+---------+-------+---------+---------+-------
      Total |     409 |      17 |   4.0 |      65 |       4 |   5.8
            +---------+---------+-------+---------+---------+-------
        D:1 |      24 |       0 |   0.0 |      12 |       0 |   0.0
        D:2 |      65 |      17 |  20.7 |      22 |       4 |  15.4
        D:3 |      70 |       0 |   0.0 |      19 |       0 |   0.0
        D:4 |     238 |       0 |   0.0 |       8 |       0 |   0.0
        D:5 |      12 |       0 |   0.0 |       4 |       0 |   0.0
            +---------+---------+-------+---------+---------+-------
